AoeStats
← 陟遐自迩

MegaRandom

509303355Analyzed
4v4 RM · 6d ago on Sep 26, 2026· 53m 20s· 8 players
Game mode
Random Map
Map size
Large (8 player)
Population
200
Speed
Normal
Resources
Standard
Victory
Conquest
Starting age
Dark Age
Ending age
Imperial Age
RankedLock teamsTeams togetherTeam positionsShared explorationLock speedFull tech treeHidden civsTurbo modeCheats
Victory
Defeat
🇮🇳 Goths · India
1087
+14
🇨🇳 Lithuanians · China
1043
+16
🇮🇳 Persians · India
1033
+16
🇩🇪 Saxons · Germany
1009
+17
🇨🇳 Varangians · China
1051
-16
🇰🇷 Malay · South Korea
1048
-16
🇰🇷 Vietnamese · South Korea
1046
-16
🇫🇷 Mongols · France
1025
-15
jay_jadon
5:04 Loom
5:58 Loom
12:31 Feudal Age
17:18 Castle Age
15:37 Double-Bit Axe
16:42 Horse Collar
19:45 Wheelbarrow
27:40 Heavy Plow
33:48 Imperial Age
31:17 Fishing Lines
31:44 Gold Mining
32:16 Bow Saw
32:49 Gillnets
33:49 Anarchy
35:01 Forging
34:53 Scale Mail Armor
35:17 Conscription
35:03 Perfusion
36:09 Crop Rotation
37:09 Iron Casting
36:49 Chain Mail Armor
37:21 Elite Huskarl
40:28 Hand Cart
41:16 Blast Furnace
44:09 Capped Ram
46:54 Heated Shot
47:24 Ballistics
48:05 Chemistry
47:01 Murder Holes
47:17 Masonry
47:42 Caravan
陟遐自迩
0:46 Loom
14:26 Feudal Age
18:04 Wheelbarrow
17:29 Double-Bit Axe
17:34 Fishing Lines
20:43 Stone Mining
20:50 Gold Mining
24:16 Castle Age
25:40 Bow Saw
27:51 Gold Shaft Mining
27:39 Gillnets
28:20 Squires
28:05 Arson
30:43 Horse Collar
35:14 Imperial Age
32:56 Forging
32:47 Scale Mail Armor
33:08 Hand Cart
32:58 Town Watch
34:40 Gambesons
34:17 Man-at-Arms
34:18 Pikeman
36:35 Conscription
35:37 Elite Hearth Troop
36:57 Iron Casting
36:38 Chain Mail Armor
36:43 Town Patrol
36:48 Devotion
36:16 Elite Varangian Guard
36:50 Shield Wall
39:03 Plate Mail Armor
38:56 Fletching
39:07 Padded Archer Armor
42:26 Caravan
45:33 Long Swordsman
47:36 Bodkin Arrow
47:56 Leather Archer Armor
50:40 Two-Handed Swordsman
IceFish
3:43 Loom
11:50 Feudal Age
12:17 Double-Bit Axe
14:00 Horse Collar
14:43 Forging
20:20 Castle Age
19:07 Bloodlines
20:02 Scale Barding Armor
21:23 Heavy Plow
22:52 Wheelbarrow
22:30 Fletching
22:37 Town Watch
27:11 Hill Forts
38:55 Imperial Age
36:51 Bodkin Arrow
37:22 Ballistics
39:37 Imperial Age
38:08 Hand Cart
41:22 Chemistry
41:42 Stone Mining
43:57 Stone Shaft Mining
43:13 Gold Mining
44:01 Bracer
46:20 Bow Saw
48:25 Conscription
50:17 Elite Leitis
51:55 Iron Casting
52:57 Chain Barding Armor
54:25 Plate Barding Armor
abhishekchopra.ubs
8:17 Loom
11:18 Feudal Age
16:15 Castle Age
17:28 Wheelbarrow
19:58 Double-Bit Axe
20:27 Horse Collar
28:27 Imperial Age
26:58 Hand Cart
26:51 Kamandaran
27:07 Fletching
27:25 Crossbowman
28:36 Bow Saw
30:32 Bodkin Arrow
30:37 Padded Archer Armor
33:38 Leather Archer Armor
37:15 Citadels
40:43 Conscription
41:19 Ballistics
42:00 Chemistry
41:17 Scale Barding Armor
41:43 Ring Archer Armor
41:24 Forging
43:10 Chain Barding Armor
44:10 Thumb Ring
45:36 Murder Holes
48:33 Coinage
50:28 Elite War Elephant
Pitcher
1:27 Loom
10:42 Feudal Age
11:31 Double-Bit Axe
13:29 Horse Collar
18:05 Castle Age
20:42 Arson
27:15 Wheelbarrow
29:17 Hand Cart
35:20 Imperial Age
34:27 Chatras
35:03 Husbandry
35:14 Bloodlines
35:10 Squires
35:23 Forging
35:13 Scale Mail Armor
35:19 Scale Barding Armor
37:38 Elite Fire Lancer
41:46 Paper Money
42:54 Iron Casting
42:29 Gold Mining
42:29 Stone Mining
Iron eater
8:43 Loom
12:06 Feudal Age
16:28 Castle Age
14:37 Double-Bit Axe
16:02 Wheelbarrow
15:58 Horse Collar
16:13 Fishing Lines
19:36 Bow Saw
20:01 Forging
21:09 Gillnets
22:18 Iron Casting
23:09 Scale Barding Armor
23:14 Scale Mail Armor
29:09 Imperial Age
27:12 Chain Mail Armor
27:44 Scale Barding Armor
28:12 Hand Cart
29:58 Chain Barding Armor
29:19 Elite Varangian Guard
30:02 Squires
32:43 Plate Mail Armor
34:52 Town Watch
38:19 Town Patrol
42:06 Blast Furnace
48:50 Gothikon
49:51 Conscription
light
13:01 Feudal Age
13:03 Double-Bit Axe
13:03 Fishing Lines
17:58 Castle Age
20:30 Loom
31:14 Gillnets
32:40 Wheelbarrow
37:17 Imperial Age
37:19 Elite Karambit Warrior
39:23 Conscription
40:46 Forging
40:42 Man-at-Arms
41:07 Arson
42:36 Forced Levy
42:58 Long Swordsman
43:39 Squires
44:17 Iron Casting
44:11 Two-Handed Swordsman
46:42 Blast Furnace
Dallo
4:57 Loom
11:42 Feudal Age
16:30 Castle Age
16:04 Horse Collar
23:10 Wheelbarrow
22:21 Town Watch
24:27 Double-Bit Axe
24:47 Heavy Plow
25:34 Bloodlines
26:38 Wheelbarrow
26:54 Fervor
27:27 Scale Barding Armor
27:13 Fletching
29:07 Town Patrol
29:21 Gold Mining
29:28 Stone Mining
30:19 Hand Cart
33:20 Imperial Age
31:22 Bow Saw
31:44 Padded Archer Armor
31:39 Bodkin Arrow
31:55 Forging
32:05 Chain Barding Armor
31:52 Husbandry
32:06 Nomads
33:18 Chain Barding Armor
32:38 Light Cavalry
34:16 Gold Shaft Mining
34:56 Drill
34:56 Conscription
34:30 Hussar
34:30 Elite Steppe Lancer
36:47 Iron Casting
36:13 Bracer
36:28 Leather Archer Armor
38:47 Blast Furnace
37:48 Scale Mail Armor
39:01 Hoardings
37:54 Cavalier
40:22 Elite Mangudai
44:36 Ballistics
45:18 Chemistry
44:28 Masonry
45:59 Siege Engineers
45:19 Elite Skirmisher
46:09 Thumb Ring
50:39 Imperial Skirmisher
Connection lost

Rejoining the realm…

Still unreachable

The connection could not be restored.

Session expired

The server has moved on; the page needs a fresh start.